 Dungeon Crawl Stone Soup version 0.19-a0-28-g8794423 (webtiles) character file.

2 tyvek the Conjurer (level 1, -1/14 HPs)
             Began as a Draconian Conjurer on May 2, 2016.
             Slain by a giant gecko (3 damage)
             ... on level 1 of the Dungeon.
             The game lasted 00:00:29 (72 turns).

tyvek the Conjurer (Draconian Conjurer)               Turns: 72, Time: 00:00:30

Health: -1/14      AC:  4    Str: 10    XL:     1   Next: 33%
Magic:  0/3        EV: 12    Int: 15    God:
Gold:   0          SH:  0    Dex: 11    Spells: 1 memorised, 3 levels left

rFire  . . .     SeeInvis .     (no weapon)
rCold  . . .     Gourm    .     (armour unavailable)
rNeg   . . .     Faith    .     (no shield)
rPois  .         Spirit   .     (helmet restricted)
rElec  .         Dismiss  .     (no cloak)
rCorr  .         Reflect  .     (no gloves)
SustAt .         Harm     .     (no boots)
MR     .....                    (no amulet)
Stlth  ++........               (no ring)
                                (no ring)

@: not resistant to hostile enchantments, unstealthy
A: unfitting armour, cold-blooded, AC +4
a: no special abilities


You were on level 1 of the Dungeon.
You were not hungry.

You visited 1 branch of the dungeon, and saw 1 of its levels.

Inventory:

Books
 a - a book of Conjurations
Comestibles
 b - a bread ration {@e1}


   Skills:
 - Level 1.7 Dodging
 - Level 1.7 Stealth
 * Level 2.1 Spellcasting
 + Level 4.0 Conjurations


You had 3 spell levels left.
You knew the following spells:

 Your Spells              Type           Power        Failure   Level  Hunger
a - Magic Dart            Conj           ##..         4%          1    #......


Dungeon Overview and Level Annotations

Branches:
Dungeon (1/15)

Altars:


Innate Abilities, Weirdness & Mutations

Your plain brown scales are hard (AC +4).
Your body does not fit into most forms of armour.
You are cold-blooded and may be slowed by cold attacks.


Message History

Welcome, tyvek the Draconian Conjurer.
It is said that the Orb of Zot exists deep within this dungeon, but nobody has ever found it.
Found 17 sling bullets.
Found a staircase leading out of the dungeon.
As you open the door, it creaks loudly!
There is an open door here.
A kobold comes into view. It is wielding a dagger.
A kobold is nearby!
A kobold is nearby!
A kobold is nearby!
A kobold is nearby!
Aim: a kobold, wielding a dagger (resting)
The magic dart hits the kobold.
You kill the kobold!
You now have 2/3 mp.
You can't see any susceptible monsters within range! (Use Z to cast anyway.)
You can't see any susceptible monsters within range! (Use Z to cast anyway.)
You can't see any susceptible monsters within range! (Use Z to cast anyway.)
You can't see any susceptible monsters within range! (Use Z to cast anyway.)
You enter the shallow water.
Moving in this stuff is going to be slow.
A hobgoblin comes into view. It is wielding a club.
A hobgoblin is nearby!
A hobgoblin is nearby!
A hobgoblin is nearby!
Aim: a hobgoblin, wielding a club (resting)
You miscast Magic Dart.
You are very lightly contaminated with residual magic.
Nothing appears to happen.
You now have 1/3 mp.
Aim: a hobgoblin, wielding a club (resting)
The magic dart hits the hobgoblin.
The hobgoblin shouts!
You now have 0/3 mp.
You don't have enough magic to cast that spell.
No previous command to re-do.
No previous command to re-do.
No previous command to re-do.
No previous command to re-do.
A rat comes into view.
You hit the hobgoblin. The hobgoblin closely misses you.
You hit the hobgoblin but do no damage. The hobgoblin hits you with a club.
You take 5 damage, and have 9/14 hp.
MASSIVE DAMAGE!!
You barely miss the hobgoblin.
The hobgoblin hits you but does no damage.
The hobgoblin hits you with a club.
You take 2 damage, and have 7/14 hp.
The rat barely misses you. The rat bites you. The hobgoblin barely misses you.
You take 1 damage, and have 6/14 hp.
The rat bites you but does no damage.
Things that are here:
a dagger; 2 stones; a kobold corpse
Aim: a hobgoblin, wielding a club (severely wounded)
The magic dart hits the hobgoblin.
The rat bites you.
You take 2 damage, and have 5/14 hp.
You now have 0/3 mp.
You don't have enough magic to cast that spell.
The hobgoblin barely misses you. The rat bites you.
* * * LOW HITPOINT WARNING * * *
You take 1 damage, and have 4/14 hp.
The hobgoblin barely misses you.
Your magical contamination has completely faded away.
The hobgoblin hits you with a club.
* * * LOW HITPOINT WARNING * * *
You take 3 damage, and have 1/14 hp.
MASSIVE DAMAGE!!
Aim: a hobgoblin, wielding a club (severely wounded)
The magic dart hits the hobgoblin.
You kill the hobgoblin!
You now have 0/3 mp.
A hobgoblin and a kobold come into view.
Aim: a rat The magic dart hits the rat.
You kill the rat!
You now have 0/3 mp.
The kobold misses you.
A giant gecko comes into view.
The hobgoblin shouts!
The hobgoblin barely misses you. The kobold hits you but does no damage.
The giant gecko barely misses you.
Aim: a kobold, wielding a dagger The magic dart hits the kobold.
The kobold barely misses you.
The giant gecko bites you but does no damage.
You now have 1/3 mp.
You are too injured to fight recklessly!
Aim: a kobold, wielding a dagger The magic dart hits the kobold.
The kobold closely misses you. The giant gecko barely misses you.
You now have 0/3 mp.
The giant gecko bites you.
You die...

#..)# #...........♣
##..##............♣
##...♣#♣♣#.#.#♣♣#♣
##.....# ♣♣#.##
#......###.≈#♣
#...........#
#...........#
##.lKg)....##
##@..#...##
#########


You could see a giant gecko, a hobgoblin and a kobold.

Vanquished Creatures
  A hobgoblin (D:1)
  A kobold (D:1)
  A rat (D:1)
3 creatures vanquished.

Notes
Turn   | Place    | Note
--------------------------------------------------------------
     0 | D:1      | tyvek the Draconian Conjurer began the quest for the Orb.
     0 | D:1      | Reached XP level 1. HP: 14/14 MP: 3/3
    33 | D:1      | HP: 1/14 [hobgoblin/club (3)]
    72 | D:1      | Slain by a giant gecko

Vault maps used:
D:1:      saegor_arrival_under_anarchy, grunt_decor_clamped,
          minmay_misc_feat_encased, minmay_surrounded

Action                   || total
-------------------------++-------
Melee: Unarmed           ||     3
 Cast: Magic Dart        ||     7
Armor: Skin              ||     2
Dodge: Dodged            ||    11

Vault maps used:
D:1:      saegor_arrival_under_anarchy, grunt_decor_clamped,
          minmay_misc_feat_encased, minmay_surrounded

Table legend:
 A = Turns spent in this place as a percentage of turns spent in the entire game.
 B = Non-inter-level travel turns spent in this place as a percentage of non-inter-level travel turns spent in the entire game.
 C = Inter-level travel turns spent in this place as a percentage of turns spent in this place.
 D = Turns resting spent in this place as a percentage of non-inter-level travel turns spent in this place.
 E = Turns spent auto-exploring this place as a percentage of non-inter-level travel turns spent in this place.
 F = Non-inter-level travel turns spent in this place divided by the number of levels of this place that you've seen.
                   A       B       C       D       E      F
               +-------+-------+-------+-------+-------+----------------------
         Total | 100.0 | 100.0 |   0.0 |   0.0 |   2.4 |  82.0
       Dungeon | 100.0 | 100.0 |   0.0 |   0.0 |   2.4 |  82.0
               +-------+-------+-------+-------+-------+----------------------

Table legend:
 A = Kills in this place as a percentage of kills in entire the game.
 B = Kills by you in this place as a percentage of kills by you in the entire game.
 C = Kills by friends in this place as a percentage of kills by friends in the entire game.
 D = Other kills in this place as a percentage of other kills in the entire game.
 E = Experience gained in this place as a percentage of experience gained in the entire game.
 F = Experience gained in this place divided by the number of levels of this place that you have seen.
                   A       B       C       D       E      F
               +-------+-------+-------+-------+-------+----------------------
         Total | 100.0 | 100.0 |  -nan |  -nan | 100.0 |   4.0
       Dungeon | 100.0 | 100.0 |  -nan |  -nan | 100.0 |   4.0
               +-------+-------+-------+-------+-------+----------------------
